 Dungeon Crawl Stone Soup version 0.30-a0-930-gb9d0489357 (webtiles) character file.

Game seed: 10815689288024955460

184 mopl the Sneak (level 5, -1/34 HPs)
             Began as an Octopode Brigand on Mar 23, 2023.
             Slain by a bullfrog (3 damage)
             ... on level 4 of the Dungeon.
             The game lasted 00:03:16 (2179 turns).

mopl the Sneak (Octopode Brigand)                   Turns: 2179, Time: 00:03:16

Health: -1/34      AC:  1    Str: 11    XL:     5   Next: 64%
Magic:  5/6        EV: 12    Int: 15    God:
Gold:   184        SH:  4    Dex: 13    Spells: 5/5 levels left

rFire   . . .      SeeInvis .    b - +1 dagger (venom)
rCold   . . .      Faith    .    r - +0 buckler
rNeg    . . .      Spirit   .    (helmet restricted)
rPois   .          Reflect  .    (no amulet)
rElec   .          Rampage  .    t - +4 ring of slaying
rCorr   .                        (no ring)
Will    .....                    (no ring)
Stlth   ++++                     (no ring)
HPRegen 0.25/turn                (no ring)
MPRegen 0.10/turn                (no ring)
                                 (no ring)
                                 (no ring)

@: no status effects
A: almost no armour, amphibious, 8 rings, camouflage 1, gelatinous body 1,
(nimble swimmer 1), tentacles
a: no special abilities


You were on level 4 of the Dungeon.
You visited 1 branch of the dungeon, and saw 4 of its levels.

You collected 229 gold pieces.
You spent 45 gold pieces at shops.

Inventory:

Hand Weapons
 a - a +2 dagger
 b - a +1 dagger of venom (weapon)
Missiles
 c - 3 curare-tipped darts
 s - 8 poisoned darts (quivered)
Armour
 r - a +0 buckler (worn)
Jewellery
 g - a ring of wizardry
 t - a +4 ring of slaying (left tentacle)
Scrolls
 h - 2 scrolls of identify {unknown}
 k - 2 scrolls of noise {unknown}
 o - a scroll of blinking {unknown}
 q - a scroll of teleportation {unknown}
Potions
 d - 4 potions of curing {unknown}
 e - a potion of ambrosia {unknown}
 f - 2 potions of heal wounds {unknown}
 i - a potion of lignification {unknown}
 j - a potion of mutation {unknown}
 l - a potion of haste {unknown}
 m - a potion of cancellation {unknown}
 n - a potion of might {unknown}
 p - a potion of resistance {unknown}
 u - a potion of invisibility {unknown}


   Skills:
 - Level 2.0 Fighting
 + Level 3.4 Short Blades
 + Level 3.4 Throwing
 - Level 1.0 Dodging
 + Level 6.7 Stealth
 + Level 1.0 Shields
 + Level 0.9 Spellcasting


You had 5 spell levels left.
You didn't know any spells.
Your spell library contained the following spells:

 Spells                   Type           Power      Damage    Failure   Level
 Vhi's Electric Charge    Tloc/Air       0%         N/A       71%         3
 Summon Lightning Spire   Summ/Air       0%         N/A       98%         4
 Arcjolt                  Conj/Air       0%         1d10      100%        5
 Storm Form               Tmut/Air       0%         N/A       100%        7
 Maxwell's Capacitive Co  Air            0%         ∞         100%        8


Dungeon Overview and Level Annotations

Branches:
Dungeon (4/15)
 Temple: D:4-7

Altars:

Shops:
D:3 [


Innate Abilities, Weirdness & Mutations

You cannot wear most types of armour.
You are amphibious.
You can wear up to eight rings at the same time.
Your skin changes colour to match your surroundings (Stealth+).
Your rubbery body absorbs attacks. (AC +1, EV +1)
((You are camouflaged when in or above water. (Stealth+)))
You have tentacles for arms and can constrict up to eight enemies at once.


Message History

You block the orc priest's attack.
The orc hits you with a +0 dagger of draining.
You feel drained.
You release your grip on the orc priest.
The orc attacks as you move away! The orc barely misses you.
The orc attacks as you move away! The orc closely misses you.
The orc priest attacks as you move away!
The orc priest hits you with a +0 whip.
You kill the orc priest!
Your life force feels restored.
Your Shields skill increases to level 1!
You hit the orc.
The orc is poisoned.
You grab the orc. You squeeze the orc.
You kill the orc!
The orc misses you. The bullfrog hits you.
The bullfrog attacks as you move away! The bullfrog hits you.
You puncture the bullfrog!
The bullfrog is poisoned.
Your grab misses the bullfrog. Your squeeze misses the bullfrog.
The bullfrog is moderately wounded.
The bullfrog hits you.
The bullfrog hits you but does no damage.
You hit the bullfrog.
The bullfrog looks even sicker.
Your grab misses the bullfrog. Your squeeze misses the bullfrog.
The bullfrog is heavily wounded.
The bullfrog hits you.
* * * LOW HITPOINT WARNING * * *
You closely miss the bullfrog. Your grab misses the bullfrog.
Your squeeze misses the bullfrog.
The bullfrog is heavily wounded.
The bullfrog hits you!
* * * LOW HITPOINT WARNING * * *
You hit the bullfrog.
The bullfrog looks as sick as possible!
Your grab misses the bullfrog. Your squeeze misses the bullfrog.
The bullfrog is heavily wounded.
The bullfrog barely misses you. You block the bullfrog's attack.
You closely miss the bullfrog. You grab the bullfrog.
Your squeeze misses the bullfrog.
The bullfrog is severely wounded.
You constrict the bullfrog. The bullfrog hits you.
You die...

.. .. .# .#.....##### #.# #.
#.# .. ....... $..
....##.###.# ..###...#.# #.#
...........##. ........ #.#
.!........... #.....####.#
...........# #.......<#.#
...........# #.....####.#
.......!.).####.##...........
#.##...#..oF@...##........>..
.........#.#######......###.#
.#####>....# #####......###..
#...#####............###
#...####.............+
#.........<..........#
#.#.####.............#
#.#..................#
#.######.###.......##


You could see a bullfrog (extremely poisoned) and an orc.

Vanquished Creatures
  2 orc priests (D:4)
  An orc wizard (D:4)
  3 adders
  3 worms (D:2)
  2 orcs (D:4)
  8 endoplasms
  4 giant cockroaches
  4 goblins
  8 hobgoblins
  2 jackals (D:2)
  A quokka (D:4)
  9 ball pythons
  3 bats
  2 frilled lizards (D:2)
  6 kobolds
  4 rats
62 creatures vanquished.

Notes
Turn   | Place    | Note
-------+----------+-------------------------------------------
     0 | D:1      | mopl the Octopode Brigand began the quest for the Orb.
     0 | D:1      | Reached XP level 1. HP: 14/14 MP: 1/1
   186 | D:1      | Reached XP level 2. HP: 19/19 MP: 2/2
   644 | D:2      | Reached XP level 3. HP: 18/24 MP: 3/3
   666 | D:2      | Reached skill level 6 in Stealth
   815 | D:2      | Reached XP level 4. HP: 18/29 MP: 4/4
  1031 | D:2      | Reached skill level 3 in Short Blades
  1078 | D:2      | Reached skill level 3 in Throwing
  1707 | D:3      | Found Woso Vym's Armour Shop.
  1712 | D:3      | Bought a +0 buckler for 45 gold pieces
  2076 | D:4      | Reached XP level 5. HP: 34/34 MP: 5/5
  2172 | D:4      | Reached skill level 1 in Shields
  2177 | D:4      | HP: 1/34 [bullfrog (9)]
  2179 | D:4      | Slain by a bullfrog

Illustrated notes

Levels and vault maps discovered:
D:1:      dpeg_arrival_rooms_b, layout_loops_ring
D:2:      layout_loops_ring
D:3:      layout_basic, serial_shops, shop
D:4:      kennysheep_kobold_camp, layout_basic, zin_treasury,
          nicolae_ashenzari_panopticon, tso_metal_star

Skill      XL: |  1  2  3  4  5 |
---------------+----------------+-----
Stealth        | 6 |  6.7
Short Blades   | 3 |  3.4
Throwing       | 3 |  3.4
Shields        | 1 |  1.0
Fighting       | |  2.0
Dodging        | |  1.0
Spellcasting   | |  0.9

Action                     |  1- 3 |  4- 6 || total
---------------------------+-------+-------++-------
  Melee: Dagger            |    56 |    49 ||   105
         Constrict         |    14 |    11 ||    25
         Tentacles         |    11 |     9 ||    20
  Throw: Dart              |    10 |     3 ||    13
   Stab: Sleeping          |     9 |    12 ||    21
 Armour: Skin              |     2 |     1 ||     3
  Dodge: Dodged            |    24 |    19 ||    43
  Block: Buckler           |       |     4 ||     4

Table legend: (Time is in decaauts)
 A = Elapsed time spent in this place.
 B = Non-inter-level travel time spent in this place.
 C = Inter-level travel time spent in this place.
 D = Time resting spent in this place.
 E = Time spent auto-exploring this place.
 F = Levels seen in this place.
 G = Mean time per level.
                   A        B        C        D        E       F      G
               +--------+--------+--------+--------+--------+-----+--------+
         Total |   2162 |   2094 |     68 |     43 |   1628 |   4 |  540.5 |
       Dungeon |   2162 |   2094 |     68 |     43 |   1628 |   4 |  540.5 |
               +--------+--------+--------+--------+--------+-----+--------+

Top non-repeatable levels by time:
     D:3: 760 daAuts
     D:2: 707 daAuts
     D:1: 593 daAuts
     D:4: 101 daAuts
